 Dungeon Crawl Stone Soup version 0.27-a0-1181-g5f64966fcc (webtiles) character file.

Game seed: 18064313043084712792

321 bilbop the Shield-Bearer (level 6, -1/56 HPs)
             Began as a Minotaur Fighter on May 18, 2021.
             Splashed by Ijyb's acid (15 damage)
             ... on level 4 of the Dungeon.
             The game lasted 00:10:16 (2271 turns).

bilbop the Shield-Bearer (Minotaur Fighter)         Turns: 2271, Time: 00:10:17

Health: -1/56      AC:  4    Str: 21    XL:     6   Next: 22%
Magic:  5/5        EV:  9    Int:  5    God:
Gold:   140        SH: 10    Dex: 11    Spells: 5/5 levels left

rFire    . . .     SeeInvis .   a - +0 trident
rCold    . . .     Faith    .   c - +0 kite shield
rNeg     . . .     Spirit   .   j - +0 troll leather armour
rPois    .         Reflect  .   (helmet restricted)
rElec    .         Harm     .   (no cloak)
rCorr    .         Rampage  .   (no gloves)
Will     .....                  (no boots)
Stlth    +.........             (no amulet)
HPRegen  1.18/turn              (no ring)
MPRegen  0.09/turn              (no ring)

@: no status effects
A: horns 2, retaliatory headbutt
a: no special abilities


You were on level 4 of the Dungeon.
You visited 1 branch of the dungeon, and saw 4 of its levels.

You collected 140 gold pieces.

Inventory:

Hand Weapons
 a - a +0 trident (weapon)
 b - a +0 hunting sling
Missiles
 p - 36 stones (quivered)
Armour
 c - a +0 kite shield (worn)
 e - a +0 chain mail
 j - a +0 troll leather armour (worn)
 o - a +0 scale mail
Scrolls
 f - 5 scrolls of identify {unknown}
 g - a scroll of enchant weapon {unknown}
 i - a scroll of enchant armour {unknown}
 k - 2 scrolls of fog {unknown}
 l - a scroll of fear {unknown}
 n - 2 scrolls of teleportation {unknown}
Potions
 d - 3 potions of might
 h - a potion of degeneration {unknown}
 m - a potion of mutation {unknown}
 q - a potion of curing {unknown}


   Skills:
 + Level 5.1 Fighting
 + Level 4.3 Polearms
 + Level 1.2 Slings
 + Level 5.2 Armour
 + Level 5.2 Shields


You had 5 spell levels left.
You didn't know any spells.
Your spell library was empty.

Dungeon Overview and Level Annotations

Branches:
Dungeon (4/15)
 Temple: D:4-7

Altars:
Gozag
Hepliaklqana

Shops:
D:2 [

Annotations:
D:4 Ijyb


Innate Abilities, Weirdness & Mutations

You have a pair of horns on your head.
You reflexively headbutt those who attack you in melee.


Message History

No target in view!
No target in view!
Found 9 poisoned darts.
You now have 115 gold pieces (gained 14).
Found a stone staircase leading up.
You now have 124 gold pieces (gained 9).
You now have 140 gold pieces (gained 16).
A worm and Ijyb come into view.
Ijyb is wielding a +0 dagger and carrying a wand of acid (11).
Ijyb shouts!
Adjust (i)tems, (s)pells, or (a)bilities?
o - a +0 hunting sling Adjust to which letter? (? for menu, Esc to quit)
b - a +0 hunting sling;
o - a +0 scale mail
b - a +0 hunting sling (weapon)
Fire: 39 stones
Press: ? - help, Q - select action Shift-Dir - straight line, f - Ijyb
Aim: Ijyb, wielding a +0 dagger, wearing a +0 leather armour and carrying a wand of acid (11) (50% to hit)
You shoot a stone. The stone closely misses Ijyb.
Fire: 38 stones
Press: ? - help, Q - select action Shift-Dir - straight line, f/p - Ijyb
Aim: Ijyb, wielding a +0 dagger, wearing a +0 leather armour and carrying a wand of acid (11) (50% to hit)
You shoot a stone. The stone hits Ijyb but does no damage.
Ijyb screams, "It's all mine!"
Fire: 37 stones
Press: ? - help, Q - select action Shift-Dir - straight line, f/p - Ijyb
Aim: Ijyb, wielding a +0 dagger, wearing a +0 leather armour and carrying a wand of acid (11) (50% to hit)
You shoot a stone. The stone hits Ijyb.
Ijyb is lightly wounded.
a - a +0 trident (weapon)
Ijyb zaps a wand.
The bolt of acid hits you!
You are splashed with acid!
Reach: a) +0 trident
Press: ? - help, Dir - move target, f/p - Ijyb
Aim: Ijyb, wielding a +0 dagger, wearing a +0 leather armour and carrying a wand of acid (10) (lightly wounded, about 49% to evade your +0 trident)
You reach to attack!
You completely miss Ijyb.
Ijyb is lightly wounded.
Ijyb zaps a wand.
The bolt of acid hits you!!
* * * LOW HITPOINT WARNING * * *
You are splashed with acid!
You die...

.#.# ##.... #...#.
###########.....
##(....#.........
##..............#
#...............##
#...............##
#@...........)....
#........>......##
#g..............#
#..(.............##
#..w............##
#..(.....##...###
#.......<......
#..(.....#######
#........#


You could see Ijyb and a worm.

Vanquished Creatures
  An ogre (D:4)
  A kobold brigand (D:3)
  2 hounds
  A bullfrog skeleton (D:4)
  An adder (D:3)
  2 worms
  A dart slug (D:4)
  An orc (D:3)
  2 endoplasms
  5 giant cockroaches
  7 goblins
  5 hobgoblins
  11 jackals
  A kobold (D:4)
  3 quokkas
  2 ball pythons (D:1)
  4 bats
  11 frilled lizards
  2 rats (D:1)
63 creatures vanquished.

Notes
Turn   | Place    | Note
-------+----------+-------------------------------------------
     0 | D:1      | bilbop the Minotaur Fighter began the quest for the Orb.
     0 | D:1      | Reached XP level 1. HP: 19/19 MP: 0/0
   213 | D:1      | Reached XP level 2. HP: 26/27 MP: 1/1
   490 | D:1      | Found a faded altar of an unknown god.
   667 | D:2      | Found Geahod's Antique Armour Shop.
   838 | D:2      | Reached XP level 3. HP: 33/33 MP: 2/2
  1400 | D:3      | Found an opulent altar of Gozag.
  1615 | D:3      | Reached XP level 4. HP: 35/41 MP: 3/3
  1685 | D:3      | Found a faded altar of an unknown god.
  1686 | D:3      | Found a hazy altar of Hepliaklqana.
  1686 | D:3      | Noticed a kobold brigand
  1733 | D:3      | Killed a kobold brigand
  1734 | D:3      | Reached XP level 5. HP: 22/47 MP: 4/4
  2172 | D:4      | Reached skill level 5 in Armour
  2172 | D:4      | Reached skill level 5 in Shields
  2194 | D:4      | Noticed an ogre
  2206 | D:4      | Killed an ogre
  2207 | D:4      | Reached skill level 5 in Fighting
  2207 | D:4      | Reached skill level 1 in Slings
  2207 | D:4      | Reached XP level 6. HP: 56/56 MP: 5/5
  2263 | D:4      | Noticed Ijyb
  2271 | D:4      | Splashed by Ijyb's acid

Illustrated notes

Levels and vault maps discovered:
D:1:      dpeg_arrival_short_road, layout_rooms,
          hellmonk_ecumenical_altar_arch_garden
D:2:      layout_loops_ring, serial_shops, shop, minivault_27,
          minmay_misc_feat_secret_circle, minmay_lizard_pond
D:3:      layout_basic, lemuel_doored_altar,
          beargit_hepliaklqana_dungeon_heroes, corexii_shack
D:4:      layout_rooms, amcnicky_altar_gilded, uniq_sigmund, uniq_ijyb

Skill      XL: |  1  2  3  4  5 |
---------------+----------------+-----
Armour         | 4 5 |  5.2
Shields        | 4 5 |  5.2
Fighting       | 4 5 |  5.1
Polearms       | 3 4 |  4.3
Slings         | 1 |  1.2

Action                   |  1- 3 |  4- 6 || total
-------------------------+-------+-------++-------
Melee: Trident           |   139 |    53 ||   192
       Headbutt          |    12 |     7 ||    19
 Fire: Hunting sling     |       |     3 ||     3
Armor: Chain mail        |    32 |       ||    32
       Scale mail        |     4 |       ||     4
       Troll leather arm |    15 |    13 ||    28
Dodge: Dodged            |    30 |    15 ||    45
Block: Kite shield       |    61 |    19 ||    80

Table legend: (Time is in decaauts)
 A = Elapsed time spent in this place.
 B = Non-inter-level travel time spent in this place.
 C = Inter-level travel time spent in this place.
 D = Time resting spent in this place.
 E = Time spent auto-exploring this place.
 F = Levels seen in this place.
 G = Mean time per level.
                   A        B        C        D        E       F      G
               +--------+--------+--------+--------+--------+-----+--------+
         Total |   2340 |   2262 |     78 |     31 |   1793 |   4 |  585.0 |
       Dungeon |   2340 |   2262 |     78 |     31 |   1793 |   4 |  585.0 |
               +--------+--------+--------+--------+--------+-----+--------+

Top non-repeatable levels by time:
     D:2: 822 daAuts
     D:3: 755 daAuts
     D:1: 586 daAuts
     D:4: 175 daAuts
